 Dungeon Crawl Stone Soup version 0.29.1-1-gd02db6906a (webtiles) character file.

Game seed: 17448329708809113252

13403 warriortoast the Thaumaturge (level 11, -15/64 HPs)
             Began as a Deep Elf Fire Elementalist on Sept 20, 2022.
             Was a Priest of Sif Muna.
             Demolished by an orc warrior
             ... wielding a +0 halberd
              (26 damage)
             ... on level 1 of the Orcish Mines.
             The game lasted 01:27:31 (13887 turns).

warriortoast the Thaumaturge (DEFE)                Turns: 13887, Time: 01:27:31

Health: -15/64     AC:  3    Str:  7    XL:     11   Next: 75%
Magic:  15/38      EV: 15    Int: 25    God:    Sif Muna [***...]
Gold:   240        SH:  0    Dex: 15    Spells: 12/34 levels left

rFire   . . .      SeeInvis .   A - +8 rapier "Impbane" {pain, rElec Stlth+}
rCold   . . .      Faith    .   (no shield)
rNeg    . . .      Spirit   .   G - +0 robe of Supple Strength {Int+2}
rPois   .          Reflect  .   (no helmet)
rElec   +          Harm     .   (no cloak)
rCorr   .          Rampage  .   D - +0 pair of gloves
Will    +....                   (no boots)
Stlth   +++.......              f - amulet of magic regeneration
HPRegen 0.20/turn               u - ring of wizardry
MPRegen 0.66/turn               m - ring of magical power

@: no status effects
A: no striking features
a: Renounce Religion, Channel Magic, Forget Spell


You were on level 1 of the Orcish Mines.
You worshipped Sif Muna.
Sif Muna was most pleased with you.
You visited 3 branches of the dungeon, and saw 13 of its levels.
You also visited: Bailey.

You collected 708 gold pieces.
You spent 468 gold pieces at shops.

Inventory:

Hand Weapons
 A - the +8 rapier "Impbane" (weapon) {pain, rElec Stlth+}
   (You found it on level 6 of the Dungeon)

   In the hands of one skilled in necromantic magic, it inflicts extra damage on
   living creatures.
   rElec:     It insulates you from electricity.
   Stlth:     It makes you more stealthy.
Missiles
 p - 14 poisoned darts
Armour
 a - a +0 robe
 b - a +0 kite shield of fire resistance
 x - a +3 leather armour of positive energy
 D - a +0 pair of gloves (worn)
 G - the +0 robe of Supple Strength (worn) {Int+2}
   (You found it on level 8 of the Dungeon)

   Int:       It affects your intelligence (+2).
Jewellery
 f - an amulet of magic regeneration (around neck)
 l - a +4 ring of evasion
 m - a ring of magical power (right hand)
 n - a ring of willpower
 u - a ring of wizardry (left hand)
 y - a ring of poison resistance
Wands
 v - a wand of iceblast (14)
 E - a wand of charming (4)
Scrolls
 c - 5 scrolls of identify
 d - 3 scrolls of enchant weapon
 e - a scroll of amnesia
 g - a scroll of vulnerability {unknown}
 i - 2 scrolls of poison
 o - a scroll of summoning
 q - 2 scrolls of fear
 s - 2 scrolls of magic mapping
 t - 5 scrolls of teleportation
 J - a scroll of enchant armour
Potions
 h - a potion of lignification
 j - 2 potions of might
 k - 5 potions of resistance
 r - a potion of cancellation
 w - a potion of heal wounds
 z - a potion of curing
 B - 3 potions of mutation
 C - a potion of brilliance
 F - a potion of invisibility
 H - a potion of flight
 I - a potion of haste


   Skills:
 - Level 5.5 Fighting
 - Level 4.5 Short Blades
 - Level 6.7 Dodging
 - Level 2.4 Stealth
 + Level 12.0 Spellcasting
 + Level 9.0 Conjurations
 - Level 6.2 Fire Magic
 + Level 9.0 Air Magic
 - Level 3.0 Invocations
 - Level 3.0 Evocations


You had 12 spell levels left.
You knew the following spells:

 Your Spells              Type           Power      Damage    Failure   Level
a - Foxfire               Conj/Fire      100%       2x1d9     1%          1
b - Scorch                Fire           92%        2d9       1%          2
c - Conjure Flame         Conj/Fire      52%        6-21      1%          3
d - Airstrike             Air            28%        2d(5-21)  1%          4
e - Dazzling Flash        Conj/Hex       74%        N/A       1%          3
f - Lightning Bolt        Conj/Air       28%        1d45      1%          5
g - Summon Lightning Spi  Summ/Air       37%        N/A       2%          4

Your spell library contained the following spells:

 Spells                   Type           Power      Damage    Failure   Level
 Summon Small Mammal      Summ           60%        N/A       1%          1
 Inner Flame              Hex/Fire       30%        N/A       1%          3
 Flame Wave               Conj/Fire      52%        2d13      1%          4
 Fulminant Prism          Conj/Hex       18%        3d11      2%          4
 Iskenderun's Mystic Bla  Conj/Tloc      37%        2d9       2%          4
 Call Canine Familiar     Summ           15%        N/A       4%          3
 Summon Guardian Golem    Hex/Summ       15%        N/A       4%          3
 Silence                  Hex/Air        18%        N/A       7%          5
 Agony                    Necr           15%        N/A       38%         5
 Lee's Rapid Deconstruct  Erth           7%         3d8*      38%         5
 Summon Forest            Summ/Tloc      7%         N/A       38%         5
 Eringya's Noxious Bog    Tmut/Pois      7%         N/A       91%         6
 Summon Hydra             Summ           7%         N/A       100%        7


Dungeon Overview and Level Annotations

Branches:
Dungeon (10/15)            Temple (1/1) D:6            Lair (0/5) D:10
    Orc (2/2) D:9          Bailey (visited)
    Elf: Orc:2

Altars:
Ashenzari
Cheibriados
Dithmenos
Elyvilon
Fedhas
Gozag
Hepliaklqana
Kikubaaqudgha
Makhleb
Nemelex Xobeh
Okawaru
Qazlal
Ru
Sif Muna
Trog
Uskayaw
Vehumet
Wu Jian
Xom
Yredelemnul
Zin
The Shining One

Shops:
D:8 !

Annotations:
D:7 3 runed translucent doors, sleeves's ghost, novice BaBr


Message History

There is a stone staircase leading down, spattered with blood here.
Things that are here:
a +0 robe; a +0 dagger
Casting: Scorch (safe; 1% risk of failure)
Confirm with . or Enter, or press ? or * to list all spells.
Flames lash the orc warrior.
The orc warrior is burned terribly!
The orc warrior is heavily wounded.
The orc warrior barely misses you.
The orc warrior hits you with a +0 mace!
The orc wizard misses you.
Casting: Scorch (safe; 1% risk of failure)
Confirm with . or Enter, or press ? or * to list all spells.
Flames lash the orc wizard.
You kill the orc wizard!
Sif Muna accepts your kill. The orc warrior misses you.
Casting: Scorch (safe; 1% risk of failure)
Confirm with . or Enter, or press ? or * to list all spells.
Flames lash the orc warrior.
The orc warrior is lightly wounded.
The orc warrior's fire resistance burns away.
The orc warrior hits you with a +0 mace!
* * * LOW HITPOINT WARNING * * *
The orc warrior barely misses you.
You feel much better.
The orc warrior is no longer blind.
The orc warrior misses you. x2
Casting: Scorch (safe; 1% risk of failure)
Confirm with . or Enter, or press ? or * to list all spells.
Casting: Dazzling Flash (safe; 1% risk of failure)
Press: ? - help, Dir - look around, f - activate The orc warrior is dazzled.
The orc warrior is no longer more vulnerable to fire.
The orc warrior hits you but does no damage.
The orc warrior barely misses you.
You completely miss the orc warrior.
The orc warrior is lightly wounded.
The orc warrior hits you with a +0 mace!!
* * * LOW HITPOINT WARNING * * *
The orc warrior hits you with a +0 halberd!!
You die...

##.#..##.....##......##
#.....##.....#...<....###
##.#.##..........)##....##
###.#....##....#####....#
##......##....#####......
#........#......##.#....#
##.#............###..#.##
####...o).......#...#.##
##..@o..##.#....#...#
###....######...##.##
##.#....# ##..####
#.....### #....# ##.#.##
###.## ##### ###


You could see 2 orc warriors.

Vanquished Creatures
  4 two-headed ogres
  An orc knight (Bailey)
  An orc sorcerer (Orc:1)
  A hornet (D:9)
  3 trolls
  The ghost of Fractals the Magician, an amateur KoCj of Sif Muna (D:4)
  A vampire (D:10)
  2 wraiths
  22 yaks
  A wyvern (D:9)
  A warg (Orc:1)
  3 sky beasts
  14 orc warriors
  A swamp drake (D:9)
  An ice beast (D:8)
  2 black bears
  3 ogres
  3 centaurs
  2 kobold brigands
  4 bullfrogs (D:8)
  Blork the orc (D:5)
  7 scorpions
  9 wights (D:8)
  3 howler monkeys
  3 hounds
  5 orc priests
  A jelly (D:8)
  A gnoll bouda (D:7)
  4 iguanas
  Ijyb (D:3)
  11 orc wizards
  9 gnolls
  7 adders
  A shadow imp (D:5)
  3 white imps
  2 ufetubi
  2 worms
  A dart slug (D:3)
  48 orcs
  4 bats
  8 endoplasms
  5 giant cockroaches
  3 goblins
  6 hobgoblins
  3 jackals
  3 quokkas
  2 ball pythons (D:2)
  5 frilled lizards
  16 kobolds
  5 rats
250 creatures vanquished.

Vanquished Creatures (collateral kills)
  A komodo dragon (D:10)
  2 yaks (D:10)
3 creatures vanquished.

Vanquished Creatures (others)
  628 foxfires
  21 fungi (D:10)
  15 plants (D:10)
664 creatures vanquished.

Grand Total: 917 creatures vanquished

Notes
Turn   | Place    | Note
-------+----------+-------------------------------------------
     0 | D:1      | warriortoast the Deep Elf Fire Elementalist began the quest
                  | for the Orb.
     0 | D:1      | Reached XP level 1. HP: 10/10 MP: 6/6
   327 | D:1      | Reached XP level 2. HP: 15/15 MP: 6/8
   828 | D:2      | Reached XP level 3. HP: 19/19 MP: 6/10
   929 | D:2      | Reached skill level 4 in Spellcasting
  1047 | D:2      | Reached XP level 4. HP: 24/24 MP: 8/12
  1368 | D:2      | Learned a level 2 spell: Scorch
  1372 | D:2      | Learned a level 3 spell: Conjure Flame
  1911 | D:3      | Reached XP level 5. HP: 28/28 MP: 11/14
  2077 | D:3      | Noticed Ijyb
  2084 | D:3      | Killed Ijyb
  2085 | D:3      | Reached skill level 5 in Spellcasting
  2683 | D:4      | Found a large runed translucent door.
  2683 | D:4      | Found a large runed translucent door.
  2684 | D:4      | Noticed Fractals's ghost (amateur KoCj)
  3180 | D:4      | Killed Fractals's ghost
  3181 | D:4      | Reached skill level 6 in Spellcasting
  3181 | D:4      | Reached skill level 5 in Fire Magic
  3181 | D:4      | Reached XP level 6. HP: 24/32 MP: 9/17
  3294 | D:5      | Entered Level 5 of the Dungeon
  3317 | D:5      | Noticed Blork the orc
  3331 | D:5      | Killed Blork the orc
  3382 | D:5      | Learned a level 4 spell: Airstrike
  3465 | D:5      | Reached XP level 7. HP: 36/36 MP: 14/18
  3725 | D:5      | Reached skill level 1 in Air Magic
  3860 | D:5      | Reached skill level 5 in Conjurations
  4327 | D:5      | Reached skill level 7 in Spellcasting
  4341 | D:5      | Learned a level 3 spell: Dazzling Flash
  4351 | D:5      | Found a shadowy altar of Dithmenos.
  5242 | D:6      | Reached XP level 8. HP: 42/42 MP: 15/20
  5294 | D:6      | Reached skill level 1 in Fighting
  5307 | D:6      | Reached skill level 1 in Short Blades
  5493 | D:6      | Identified the +8 rapier "Impbane" {pain, rElec Stlth+}
  5946 | D:6      | Found an iron altar of Okawaru.
  5994 | D:6      | Found a blossoming altar of Fedhas.
  6214 | D:6      | Found a staircase to the Ecumenical Temple.
  6220 | Temple   | Entered the Ecumenical Temple
  6344 | Temple   | Became a worshipper of Sif Muna the Loreminder
  6587 | D:7      | Learned a level 5 spell: Lightning Bolt
  7270 | D:7      | Found a runed translucent gate.
  7270 | D:7      | Found a runed translucent gate.
  7270 | D:7      | Found a runed translucent gate.
  7271 | D:7      | Noticed sleeves's ghost (novice BaBr)
  7421 | D:7      | Reached XP level 9. HP: 50/50 MP: 15/21
  7828 | D:7      | Found an ornate altar of the Wu Jian Council.
  8084 | D:8      | Reached skill level 5 in Air Magic
  8106 | D:8      | Reached * piety under Sif Muna
  8130 | D:8      | Identified the +0 robe of Supple Strength {Int+2}
  8291 | D:8      | Found Yreoxa's Distillery.
  8299 | D:8      | Bought a potion of degeneration for 13 gold pieces
  8299 | D:8      | Bought a potion of haste for 130 gold pieces
  8299 | D:8      | Bought a potion of brilliance for 52 gold pieces
  8299 | D:8      | Bought a potion of mutation for 104 gold pieces
  8486 | D:8      | Reached skill level 8 in Spellcasting
  8815 | D:8      | Found a bloodstained altar of Trog.
  9056 | D:9      | Found a flagged portal.
  9088 | D:9      | Noticed a troll
  9102 | D:9      | Killed a troll
  9103 | D:9      | Reached XP level 10. HP: 58/58 MP: 13/24
  9111 | D:9      | Noticed a two-headed ogre
  9213 | Bailey   | Entered a bailey
  9246 | Bailey   | Reached skill level 9 in Spellcasting
  9263 | Bailey   | Reached ** piety under Sif Muna
  9437 | Bailey   | Noticed an orc knight
  9451 | Bailey   | Killed an orc knight
  9452 | Bailey   | Reached skill level 5 in Fighting
  9452 | Bailey   | Reached skill level 5 in Dodging
  9651 | D:9      | Killed a two-headed ogre
  9956 | D:9      | Found a radiant altar of Vehumet.
 10041 | D:9      | Reached skill level 10 in Spellcasting
 10236 | D:9      | Found an ancient bone altar of Kikubaaqudgha.
 10276 | D:8      | Bought a potion of flight for 39 gold pieces
 10351 | D:8      | Bought a potion of haste for 130 gold pieces
 10619 | D:9      | Found a staircase to the Orcish Mines.
 10655 | D:9      | Reached *** piety under Sif Muna
 10656 | D:9      | Reached skill level 1 in Invocations
 10656 | D:9      | Reached skill level 1 in Evocations
 10987 | Orc:1    | Entered Level 1 of the Orcish Mines
 11087 | Orc:1    | Reached XP level 11. HP: 64/64 MP: 27/27
 11152 | Orc:2    | Entered Level 2 of the Orcish Mines
 11152 | Orc:2    | Noticed a two-headed ogre
 11152 | Orc:2    | Noticed an orc sorcerer
 11160 | Orc:1    | HP: 3/64 [warg (13)]
 11185 | Orc:1    | Killed an orc sorcerer
 12170 | D:9      | Killed a two-headed ogre
 12185 | D:9      | Learned a level 4 spell: Summon Lightning Spire
 12213 | D:10     | Entered Level 10 of the Dungeon
 12221 | D:10     | Noticed a two-headed ogre
 12237 | D:10     | Killed a two-headed ogre
 12416 | D:9      | Reached skill level 11 in Spellcasting
 12530 | D:10     | Noticed a two-headed ogre
 12815 | D:10     | Found a snail-covered altar of Cheibriados.
 13245 | D:10     | Killed a two-headed ogre
 13346 | D:10     | Found a staircase to the Lair.
 13574 | D:10     | Reached skill level 12 in Spellcasting
 13880 | Orc:2    | Noticed an orc knight
 13887 | Orc:1    | Demolished by an orc warrior

Illustrated notes

Levels and vault maps discovered:
D:1:      minmay_arrival_shattered_statue, layout_basic
D:2:      layout_rooms, minmay_pentomino_o4
D:3:      layout_basic, minmay_ruptured, uniq_ijyb
D:4:      layout_basic, ebering_ghost_disaster_area
D:5:      layout_layer_cave, nicolae_dithmenos_through_a_glass_darkly,
          uniq_blork_the_orc
D:6:      layout_rooms, kennysheep_mini, kennysheep_mini_moat,
          minmay_temple_entry_nine_rooms, minmay_misc_feat_enclosed
D:7:      layout_rooms, kennysheep_little_box, ebering_ghost_rock_garden
D:8:      layout_loops_ring, lightli_temple_of_fire, serial_shops, shop
D:9:      layout_cave_pools, nicolae_vehumet_altar_sigil,
          kiku_gazebo_pond_becter, erik_orc_1, enter_bailey_8
D:10:     layout_loops_cross, mainiacjoe_overflow_brackets,
          grunt_lair_entry_orc_guard_hut
Temple:   compressed_dpeg_circular_temple
Orc:1:    layout_diamond_mine
Orc:2:    st_orc_congregation, layout_caves, basic_altar, hangedman_minor_magic

Skill      XL: |  1  2  3  4  5  6  7  8  9 10 11 |
---------------+----------------------------------+-----
Conjurations   | 2 3 4 5 6 7 9 |  9.0
Spellcasting   | 4 6 7 8 10 12 | 12.0
Fire Magic     | 4 5 6 |  6.2
Air Magic      | 2 4 6 7 9 |  9.0
Fighting       | 3 4 5 |  5.5
Short Blades   | 3 4 |  4.5
Dodging        | 4 6 |  6.7
Invocations    | 1 3 |  3.0
Evocations     | 1 3 |  3.0
Stealth        | |  2.4

Action                   |  1- 3 |  4- 6 |  7- 9 | 10-12 || total
-------------------------+-------+-------+-------+-------++-------
Melee: Dagger            |       |       |     5 |       ||     5
       Rapier            |       |       |     8 |    26 ||    34
 Cast: Foxfire           |    54 |    95 |   122 |   108 ||   379
       Scorch            |       |    30 |   128 |    82 ||   240
       Dazzling Flash    |       |       |    13 |     6 ||    19
       Conjure Flame     |       |       |    17 |    16 ||    33
       Lightning Bolt    |       |       |     2 |    29 ||    31
       Airstrike         |       |       |    13 |    61 ||    74
       Summon Lightning  |       |       |       |     6 ||     6
Invok: Channel Magic     |       |       |       |     2 ||     2
Evoke: Wand              |       |       |       |     1 ||     1
  Use: Potion            |       |     2 |     4 |     7 ||    13
       Scroll            |       |     8 |     9 |     2 ||    19
 Stab: Invisible         |       |       |     3 |       ||     3
Armor: Skin              |       |       |    22 |    17 ||    39
       Robe              |       |       |     5 |     5 ||    10
Dodge: Dodged            |     1 |    19 |    63 |    63 ||   146
